 Dungeon Crawl Stone Soup version 0.29-a0-1065-g47a6bb87d6 (webtiles) character file.

Game seed: 6155275149021145588

225 nickcage the Cudgeller (level 5, 0/45 HPs)
             Began as a Minotaur Abyssal Knight on Aug 18, 2022.
             Was an Elder of Lugonu.
             Slain by a goblin
             ... wielding a +0 club
              (3 damage)
             ... on level 3 of the Dungeon.
             The game lasted 00:04:11 (2699 turns).

nickcage the Cudgeller (Minotaur Abyssal Knight)    Turns: 2699, Time: 00:04:11

Health: 0/45       AC:  8    Str: 19    XL:     5   Next: 68%
Magic:  5/5        EV:  7    Int:  7    God:    Lugonu [****..]
Gold:   78         SH:  0    Dex: 11    Spells: 4/4 levels left

rFire   . . .      SeeInvis .   a - +1 mace
rCold   . . .      Faith    .   (no shield)
rNeg    . . .      Spirit   .   g - +0 chain mail
rPois   .          Reflect  .   (helmet restricted)
rElec   .          Harm     .   (no cloak)
rCorr   .          Rampage  .   (no gloves)
Will    .....                   (no boots)
Stlth   ..........              (no amulet)
HPRegen 0.15/turn               (no ring)
MPRegen 0.09/turn               (no ring)

@: no status effects
A: horns 2, retaliatory headbutt
a: Renounce Religion, Depart the Abyss, Bend Space, Banish, Corrupt


You were on level 3 of the Dungeon.
You worshipped Lugonu.
Lugonu was greatly pleased with you.
You visited 1 branch of the dungeon, and saw 3 of its levels.
You visited the Abyss 1 time.

You collected 104 gold pieces.
You spent 26 gold pieces at shops.

Inventory:

Hand Weapons
 a - a +1 mace (weapon)
Missiles
 f - 6 poisoned darts (quivered)
Armour
 b - a +0 leather armour
 g - a +0 chain mail (worn)
Wands
 r - a wand of digging (5)
Scrolls
 c - 3 scrolls of identify {unknown}
 h - a scroll of poison {unknown}
 i - a scroll of fear {unknown}
 j - a scroll of noise {unknown}
 m - a scroll of vulnerability {unknown}
 p - a scroll of magic mapping {unknown}
 q - a scroll of enchant armour {unknown}
Potions
 d - 2 potions of lignification {unknown}
 e - 3 potions of mutation {unknown}
 k - a potion of ambrosia {unknown}
 l - a potion of brilliance {unknown}
 n - a potion of cancellation {unknown}
 o - a potion of flight {unknown}


   Skills:
 - Level 3.6 Fighting
 + Level 7.3 Maces & Flails
 - Level 2.4 Armour
 - Level 1.1 Dodging
 - Level 1.7 Invocations


You had 4 spell levels left.
You didn't know any spells.
Your spell library contained the following spells:

 Spells                   Type           Power      Damage    Failure   Level
 Magic Dart               Conj           0%         1d3       99%         1
 Searing Ray              Conj           0%         2d4       100%        2
 Fulminant Prism          Conj/Hex       0%         3d6       100%        4


Dungeon Overview and Level Annotations

Branches:
Dungeon (3/15)

Altars:

Shops:
D:1 ([


Innate Abilities, Weirdness & Mutations

You have a pair of horns on your head.
You reflexively headbutt those who attack you in melee.


Message History

The goblin hits you but does no damage. Ijyb hits you but does no damage.
You hit Ijyb but do no damage.
Ijyb is severely wounded.
Ijyb screams, "I dance on your bones!" Ijyb hits you with a +0 dagger.
The goblin hits you but does no damage. The goblin barely misses you.
You furiously retaliate!
You headbutt the goblin!
You kill the goblin!
Lugonu accepts your kill. The goblin hits you with a +0 club.
* * * LOW HITPOINT WARNING * * *
Ijyb hits you with a +0 dagger.
* * * LOW HITPOINT WARNING * * *
You hit Ijyb.
Ijyb is severely wounded.
The goblin hits you but does no damage. The goblin hits you with a +0 club.
* * * LOW HITPOINT WARNING * * *
The goblin hits you with a +0 club.
* * * LOW HITPOINT WARNING * * *
Ijyb hits you but does no damage. The goblin barely misses you.
You furiously retaliate!
You headbutt the goblin!
You kill the goblin!
Lugonu accepts your kill. The goblin closely misses you.
You furiously retaliate!
You headbutt the goblin!
You kill the goblin!
Lugonu accepts your kill.
The goblin hits you but does no damage. x2
You barely miss Ijyb. You headbutt Ijyb.
You kill Ijyb!
Lugonu accepts your kill.
The goblin hits you but does no damage. x2
Your life force feels restored.
You barely miss the goblin.
The goblin is heavily wounded.
The goblin barely misses you. The goblin hits you with a +0 club.
* * * LOW HITPOINT WARNING * * *
You closely miss the goblin. Your headbutt misses the goblin.
The goblin is heavily wounded.
The goblin hits you with a +0 club.
You die...

#..$.?..# #8.....8#
#.......# ..#..
#8.....8# #.#.#
#.......# #.#.# ##
#8.....8# #.#.# ..
#..g))..# ...# .#
#8.)@g.8# ###..##..#
#.......###.....#.#
#...$...#...##†...#
#....#.##.......###
#....#.##.....#...###
#.......#...#........
#.........†..########
##................†..
#.............#######


You could see 2 goblins.

Vanquished Creatures
  Jessica (D:2)
  A scorpion zombie (D:3)
  Ijyb (D:3)
  A hound skeleton (D:3)
  5 adders
  2 adder zombies (D:3)
  A dart slug (D:3)
  9 endoplasms
  2 giant cockroaches
  13 goblins
  10 hobgoblins
  9 jackals
  2 quokkas
  A ball python (D:2)
  A ball python zombie (D:3)
  9 bats
  2 frilled lizards (D:3)
  A giant cockroach zombie (D:3)
  4 kobolds
  A quokka skeleton (D:3)
  4 rats
80 creatures vanquished.

Vanquished Creatures (others)
  A withered plant (D:3)
1 creature vanquished.

Grand Total: 81 creatures vanquished

Notes
Turn   | Place    | Note
-------+----------+-------------------------------------------
     0 | Abyss:1  | nickcage the Minotaur Abyssal Knight began the quest for
                  | the Orb.
     0 | Abyss:1  | Reached XP level 1. HP: 19/19 MP: 1/1
     1 | D:1      | Escaped the Abyss
    92 | D:1      | Reached skill level 3 in Maces & Flails
   305 | D:1      | Found Jezetea's Antique Armour Boutique.
   423 | D:1      | Reached XP level 2. HP: 22/26 MP: 2/2
   515 | D:1      | Found a faded altar of an unknown god.
   710 | D:1      | Found Muozyirr's Weapon Shop.
   714 | D:1      | Bought 6 poisoned darts for 26 gold pieces
   961 | D:1      | Reached skill level 4 in Maces & Flails
  1016 | D:1      | Reached XP level 3. HP: 26/31 MP: 3/3
  1074 | D:1      | Reached *** piety under Lugonu
  1380 | D:2      | Reached skill level 5 in Maces & Flails
  1518 | D:2      | Reached XP level 4. HP: 14/39 MP: 4/4
  1863 | D:2      | Noticed Jessica
  1869 | D:2      | Killed Jessica
  2276 | D:3      | Reached skill level 6 in Maces & Flails
  2291 | D:3      | Reached XP level 5. HP: 38/45 MP: 5/5
  2635 | D:3      | Reached **** piety under Lugonu
  2651 | D:3      | Reached skill level 7 in Maces & Flails
  2678 | D:3      | Noticed Ijyb
  2682 | D:3      | Paralysed by Ijyb for 5 turns
  2697 | D:3      | Killed Ijyb
  2699 | D:3      | Slain by a goblin

Illustrated notes

Levels and vault maps discovered:
D:1:      heliophobic_arrival_glass_houses, layout_basic, serial_shops, shop,
          shop, dreamdust_ecumenical_altar_hidden_monk_grotto, feat_on_display
D:2:      layout_basic, minmay_misc_feat_enclosed, uniq_jessica
D:3:      kennysheep_the_goblin_king, layout_rooms, serial_undead,
          serial_undead_f, serial_undead_a, serial_undead_d, serial_undead_e,
          hex_intersection, grunt_ministairs_9, uniq_crazy_yiuf_cottage

Skill      XL: |  1  2  3  4  5 |
---------------+----------------+-----
Maces & Flails | 3 4 5 6 7 |  7.3
Fighting       | |  3.6
Armour         | |  2.4
Dodging        | |  1.1
Invocations    | |  1.7

Action                   |  1- 3 |  4- 6 || total
-------------------------+-------+-------++-------
Melee: Mace              |    87 |   109 ||   196
       Headbutt          |    10 |    19 ||    29
       Punch             |     1 |     2 ||     3
Armor: Leather armour    |     3 |       ||     3
       Chain mail        |    34 |    96 ||   130
Dodge: Dodged            |    44 |    52 ||    96

Table legend: (Time is in decaauts)
 A = Elapsed time spent in this place.
 B = Non-inter-level travel time spent in this place.
 C = Inter-level travel time spent in this place.
 D = Time resting spent in this place.
 E = Time spent auto-exploring this place.
 F = Levels seen in this place.
 G = Mean time per level.
                   A        B        C        D        E       F      G
               +--------+--------+--------+--------+--------+-----+--------+
         Total |   2734 |   2691 |     43 |    361 |   1922 |   4 |  683.5 |
       Dungeon |   2733 |   2690 |     43 |    361 |   1922 |   3 |  911.0 |
         Abyss |      1 |      1 |      0 |      0 |      0 |   1 |    1.0 |
               +--------+--------+--------+--------+--------+-----+--------+

Top non-repeatable levels by time:
     D:1: 1311 daAuts
     D:2: 989 daAuts
     D:3: 432 daAuts
 Abyss:1: 1 daAuts
